Unix xNetHack Version 7.1.0 - last build Jun 10 2022 16:52:22 (33bbff3b7d1ce07880d5c4b1c5efc7e91935e5b9). Game began 2022-07-03 21:06:42, ended 2022-07-03 21:15:58. Raisse, neutral female gnomish Wizard ----- -------- #..>.| ###........# #|...|### |......|# ---------------- ----- ####|...|# #-......|# |!?()(%.%.%*(!?| |...-### |....* #|...<..|# |[...((?.%(.?%)| #....|#### +..~|# #|......|# |..).....!.....| #|...-# |.{.|# #|......|# ------------|--- ##### #----- -----# #--------# ### ------ # # ## #### # ## |s...-####0 # ## # # # # |._:G| # #-----# # # |*~...#### ### #....|# # ##### |..>.| ##* -------# |...|# #--------.----- |.....### |.....|# |...-# #-............| |....| ###......|# |...| |............| ------ |.....|# |...| |............| |......# ----- |............| ------- |............| -------------- Raisse the Conjurer St:7 Dx:16 Co:15 In:17 Wi:9 Ch:11 Neutral Dlvl:2 $:56 HP:0(26) Pw:33(33) AC:8 Xp:4/137 T:2220 Hungry Latest messages: Adjust letter to what [ghknoqv-xzABDFH-JM-PSU-Z] (? see used letters)? H Moving: H - an uncursed +0 skull cap (being worn) {23}. What do you want to wield? [- apEQR or ?*] Never mind. What do you want to use or apply? [b-fuGKL or ?*] L You don't have the strength to break your wand of create monster! What do you want to zap? [uGKL or ?*] l That is a silly thing to zap. What do you want to zap? [uGKL or ?*] L An iguana suddenly appears next to you! You miss the iguana. The iguana bites! You miss the iguana. The magic-absorbing blade cancels the iguana! You kill the iguana! What do you want to zap? [uGKL or ?*] L A kobold lady suddenly appears next to you! The magic-absorbing blade cancels the kobold lady! You miss the kobold lady. The kobold lady hits! The magic-absorbing blade probes the kobold lady! The probe is insightful. Status of the kobold lady (chaotic): Level 2 HP 1(8) AC 10, cancelled. The kobold lady is not carrying anything. You kill the kobold lady! You hear water falling on coins. You hear Kopasker cursing shoplifters. You are beginning to feel hungry. You stop waiting. What do you want to zap? [uGKL or ?*] L What do you want to zap? [uGKL or ?*] L A gecko suddenly appears next to you! The cave spider bites! You hit the gecko. The gecko bites! The cave spider just misses! You hit the gecko. The gecko bites! The cave spider bites! You miss the gecko. The gecko bites! The cave spider bites! You miss the gecko. The gecko bites! The cave spider just misses! The gecko bites! The gecko bites! You die... Do you want your possessions identified? [ynq] (y) y Do you want to see your attributes? [ynq] (y) q Major events: Turn 1: Raisse the neutral female gnomish Wizard entered the dungeon 897: entered the Gnomish Mines 1798: attained the rank of Conjurer (level 3) 2081: bestowed with Magicbane by Thoth 2220: killed by a gecko Inventory: Inventory: 396/600 weight (25/52 slots) Coins $ - 56 gold pieces {1} Amulets l - a cursed copper amulet of strangulation {24} Weapons a - 2 uncursed +0 daggers (alternate weapons; not wielded) {20} p - a blessed +1 quarterstaff {40} E - the uncursed +0 Magicbane (weapon in hand) {10} Q - 10 uncursed +0 arrows {10} R - a blessed +1 orcish dagger {10} Armor C - an uncursed +0 cloak of magic resistance (being worn) {8} H - an uncursed +0 orcish helm (being worn) {23} Comestibles T - a cursed tripe ration {10} Scrolls i - an uncursed scroll of teleportation {5} r - a blessed scroll of destroy armor {5} s - an uncursed scroll of confuse monster {5} t - a cursed scroll of stinking cloud {5} y - a blessed scroll of teleportation {5} Spellbooks c - a blessed spellbook of force bolt {35} d - a blessed spellbook of magic missile {40} e - an uncursed spellbook of slow monster {35} f - an uncursed spellbook of knock {35} Potions j - an uncursed potion of see invisible {20} m - an uncursed potion of levitation {20} Wands u - an uncursed wand of probing (0:2) {7} G - an uncursed wand of polymorph (0:6) {7} K - a blessed wand of undead turning (0:1) {7} L - an uncursed wand of create monster (0:0) {7} Tools b - an uncursed blindfold {2} Raisse the Wizard's attributes: Background: You were a Conjurer, a level 4 female gnomish Wizard. You were neutral, on a mission for Thoth who was opposed by Ptah (lawful) and Anhur (chaotic). You were bisexual. You were in the Dungeons of Doom, on level 2. You entered the dungeon 2220 turns ago. You had 137 experience points, 23 more were needed to attain level 5. Basics: You had 0 out of 26 hit points. You had all 33 energy points (spell power). Your armor class was 8. Your wallet contained 56 zorkmids. Autopickup was on for '$!?/"=+' plus thrown, with exceptions. Final Characteristics: Your strength was 7 (limit:18/50). Your dexterity was 16 (limit:18). Your constitution was 15 (limit:18). Your intelligence was 17 (limit:19). Your wisdom was 9 (limit:18). Your charisma was 11 (limit:18). Final Status: You were hungry. You were unencumbered. You were wielding a dagger. You were unskilled in dagger. Final Attributes: You were piously aligned. You were magic-protected. You were telepathic. You had infravision. You were warded. You are dead. Miscellaneous: You never encountered a bones level. Total elapsed playing time was 9 minutes and 15 seconds. Vanquished creatures: 2 floating eyes a dwarf a kobold leader a dwarf zombie 3 iguanas 4 hobbits a large kobold a hobgoblin a giant rat 2 brown molds a red mold 2 gnomes 3 geckos 4 jackals a fox a kobold 2 goblins 3 grid bugs 3 lichens a kobold zombie 5 newts 43 creatures vanquished. No species were genocided or became extinct. Voluntary challenges: You read items or engraved 6 times. You never genocided any monsters. You never polymorphed an object. You never changed form. You used no wishes. You never scared an enemy with impunity. You were celibate. You never generated conflict. Achievements: You entered the Gnomish Mines. You entered a shop. You attained the rank of Conjurer. The Dungeons of Doom: levels 1 to 3 Level 1: A sink. Level 2: <- You were here. A general store, an altar to Thoth, a fountain. Stairs down to The Gnomish Mines. Final resting place for you, killed by a gecko. Level 3: The Gnomish Mines: levels 3 to 4 Level 3: Level 4: Game over: __________ / \ / REST \ / IN \ / PEACE \ / \ | Raisse | | 56 Au | | killed by a | | gecko | | | | | | 2022 | *| * * * | * _________)/\\_//(\/(/\)/\//\/|_)_______ Goodbye Raisse the Wizard... You died in The Dungeons of Doom on dungeon level 2 with 769 points, and 56 pieces of gold, after 2220 moves. You were level 4 with a maximum of 26 hit points when you died.